 Dungeon Crawl Stone Soup version 0.28-a0-1236-gb25a51b929 (webtiles) character file.

Game seed: 12627473684986600627

74 browni3141 the Chopper (level 4, -2/38 HPs)
             Began as a Ghoul Gladiator on Dec 25, 2021.
             Killed from afar by Ijyb (11 damage)
             ... with a puff of flame
             ... on level 3 of the Dungeon.
             The game lasted 00:01:56 (2086 turns).

browni3141 the Chopper (Ghoul Gladiator)            Turns: 2086, Time: 00:01:57

Health: -2/38      AC:  4    Str: 19    XL:     4   Next: 30%
Magic:  3/3        EV: 12    Int:  3    God:
Gold:   65         SH:  0    Dex: 10    Spells: 3/3 levels left

rFire   . . .      SeeInvis .   a - +0 war axe
rCold   + . .      Faith    .   (no shield)
rNeg    + + +      Spirit   .   b - +0 leather armour
rPois   ∞          Reflect  .   c - +0 helmet
rElec   .          Harm     .   (no cloak)
rCorr   .          Rampage  .   (no gloves)
Will    .....                   (no boots)
Stlth   ++........              (no amulet)
HPRegen 0.00/turn               (no ring)
MPRegen 0.08/turn               (no ring)

@: inhibited regen
A: claws 1, cold resistance 1, negative energy resistance 3, inhibited
regeneration, torment resistance 2
a: no special abilities


You were on level 3 of the Dungeon.
You visited 1 branch of the dungeon, and saw 3 of its levels.

You collected 65 gold pieces.

Inventory:

Hand Weapons
 a - a +0 war axe (weapon)
Missiles
 d - 5 throwing nets
 j - 11 poisoned darts (quivered)
Armour
 b - a +0 leather armour (worn)
 c - a +0 helmet (worn)
Scrolls
 e - 2 scrolls of blinking {unknown}
 g - 2 scrolls of noise {unknown}
 h - a scroll of magic mapping {unknown}
 i - 2 scrolls of identify {unknown}
 k - a scroll of immolation {unknown}
Potions
 f - a potion of curing {unknown}


   Skills:
 + Level 3.0 Fighting
 * Level 3.7 Axes
 - Level 1.7 Throwing
 - Level 2.6 Dodging
 + Level 2.1 Stealth


You had 3 spell levels left.
You didn't know any spells.
Your spell library contained the following spells:

 Spells                   Type           Power      Damage    Failure   Level
 Freeze                   Ice            0%         1d3       58%         1
 Magic Dart               Conj           0%         1d3       58%         1
 Summon Small Mammal      Summ           0%         N/A       58%         1
 Call Imp                 Summ           0%         N/A       73%         2
 Call Canine Familiar     Summ           0%         N/A       91%         3
 Frozen Ramparts          Ice            0%         1d2       91%         3
 Mephitic Cloud           Conj/Pois/Air  0%         N/A       91%         3
 Summon Guardian Golem    Hex/Summ       0%         N/A       91%         3
 Hailstorm                Conj/Ice       0%         3d3       100%        4


Dungeon Overview and Level Annotations

Branches:
Dungeon (3/15)

Altars:
Ashenzari

Annotations:
D:3 Ijyb


Innate Abilities, Weirdness & Mutations

You thrive by killing the living.
You are immune to poison.
You have sharp fingernails.
Your flesh is cold resistant. (rC+)
You are immune to negative energy. (rN+++)
You do not regenerate when monsters are visible.
You are immune to unholy pain and torment.


Message History

The quokka bites you but does no damage.
You closely miss the quokka. The quokka bites you.
You slash the quokka!
You kill the quokka!
No target in view!
You now have 65 gold pieces (gained 7).
e - 2 scrolls labelled XELOUM EGGE (gained 1) Key pressed, stopping explore.
Ijyb the Twisted Goblin comes into view.
She is wielding a +0 club and carrying a wand of flame (11).
Ijyb is nearby!
Ijyb is nearby!
Ijyb is nearby!
You throw a poisoned dart. The poisoned dart hits Ijyb.
Ijyb shouts!
You throw a poisoned dart. The poisoned dart hits Ijyb.
No target in view!
No target in view!
Found a pink potion.
No target in view!
No target in view!
Ijyb zaps a wand.
The puff of flame misses you.
You throw a poisoned dart. The poisoned dart hits Ijyb.
Ijyb is poisoned.
Ijyb zaps a wand.
The puff of flame hits you!
You throw a poisoned dart. The poisoned dart hits Ijyb.
Ijyb looks even sicker.
Ijyb zaps a wand.
The puff of flame misses you.
You throw a poisoned dart. The poisoned dart hits Ijyb.
Ijyb looks even sicker.
Ijyb is lightly wounded.
Ijyb zaps a wand.
The puff of flame hits you!
You are too injured to fight recklessly!
You are too injured to fight recklessly!
Throw: 12 darts (poison)
Press: ? - help, Q - select action, (/) - cycle Shift-Dir - straight line, f/p - Ijyb
Aim: Ijyb, wielding a +0 club, wearing a +0 ring mail and carrying a wand of flame (7) (moderately wounded, very poisoned, 52% to hit)
You throw a poisoned dart. The poisoned dart barely misses Ijyb.
Ijyb zaps a wand.
The puff of flame hits you!
* * * LOW HITPOINT WARNING * * *
You start resting.
Ijyb is nearby!
Ijyb zaps a wand.
The puff of flame hits you!
You die...

#######
###.....################
........................
#.........#####.@g#####
................#.#
#.........#######...
............ .(!(.
..........######..#####
...................
#.........## ##
#.........####
#............####
#######


You could see Ijyb (very poisoned).

Vanquished Creatures
  2 adders
  2 worms (D:2)
  A dart slug (D:2)
  2 endoplasms (D:1)
  4 giant cockroaches (D:1)
  6 goblins
  4 hobgoblins
  3 jackals (D:1)
  4 quokkas
  A ball python (D:1)
  7 bats
  3 frilled lizards (D:1)
  5 kobolds
  A rat (D:1)
45 creatures vanquished.

Notes
Turn   | Place    | Note
-------+----------+-------------------------------------------
     0 | D:1      | browni3141 the Ghoul Gladiator began the quest for the Orb.
     0 | D:1      | Reached XP level 1. HP: 17/17 MP: 0/0
    54 | D:1      | Reached XP level 2. HP: 25/25 MP: 1/1
   234 | D:1      | Reached skill level 1 in Stealth
   374 | D:1      | Found a faded altar of an unknown god.
   482 | D:1      | Reached XP level 3. HP: 30/30 MP: 2/2
   906 | D:2      | Found a broken altar of Ashenzari.
  1578 | D:2      | Reached XP level 4. HP: 37/37 MP: 3/3
  2074 | D:3      | Noticed Ijyb
  2086 | D:3      | Killed from afar by Ijyb

Illustrated notes

Levels and vault maps discovered:
D:1:      minmay_arrival_plants_in_alcoves, layout_loops_cross,
          dreamdust_ecumenical_altar_angels_and_demons
D:2:      layout_basic, basic_altar
D:3:      layout_rooms, uniq_ijyb, uniq_robin

Skill      XL: |  1  2  3  4 |
---------------+-------------+-----
Axes           | 3 |  3.7
Stealth        | 1 2 |  2.1
Fighting       | 3 |  3.0
Throwing       | |  1.7
Dodging        | |  2.6

Action                   |  1- 3 |  4- 6 || total
-------------------------+-------+-------++-------
Melee: War axe           |   107 |    35 ||   142
Throw: Dart              |       |     6 ||     6
Armor: Leather armour    |    39 |    11 ||    50
Dodge: Dodged            |    90 |    30 ||   120

Table legend: (Time is in decaauts)
 A = Elapsed time spent in this place.
 B = Non-inter-level travel time spent in this place.
 C = Inter-level travel time spent in this place.
 D = Time resting spent in this place.
 E = Time spent auto-exploring this place.
 F = Levels seen in this place.
 G = Mean time per level.
                   A        B        C        D        E       F      G
               +--------+--------+--------+--------+--------+-----+--------+
         Total |   2131 |   2096 |     35 |      1 |   1739 |   3 |  710.3 |
       Dungeon |   2131 |   2096 |     35 |      1 |   1739 |   3 |  710.3 |
               +--------+--------+--------+--------+--------+-----+--------+

Top non-repeatable levels by time:
     D:2: 905 daAuts
     D:1: 903 daAuts
     D:3: 323 daAuts
